 Dungeon Crawl Stone Soup version 0.25-a0-780-g622e69b31f (webtiles) character file.

Game seed: 8779296921091364286, levelgen mode: classic

107 Amnesiac the Chiller (level 4, 0/30 HPs)
             Began as a Vampire Ice Elementalist on Apr 14, 2020.
             Hit by a boomerang thrown by an orc (4 damage)
             ... on level 4 of the Dungeon.
             The game lasted 00:02:23 (734 turns).

Amnesiac the Chiller (Vampire Ice Elementalist)      Turns: 734, Time: 00:02:23

Health: 0/30       AC:  5    Str:  7    XL:     4   Next: 56%
Magic:  0/8        EV: 12    Int: 18    God:
Gold:   64         SH:  0    Dex: 14    Spells: 2/9 levels left

rFire    . . .     SeeInvis +   (no weapon)
rCold    . . .     Gourm    .   (no shield)
rNeg     . . .     Faith    .   a - +0 robe
rPois    .         Spirit   .   (no helmet)
rElec    .         Reflect  .   (no cloak)
rCorr    .         Harm     .   (no gloves)
MR       .....                  (no boots)
Stlth    ++........             (no amulet)
HPRegen  0.30/turn              g - +3 ring of protection
MPRegen  0.11/turn              (no ring)

@: regenerating quickly
A: no food, fangs 3, see invisible, unbreathing
a: Exsanguinate


You were on level 4 of the Dungeon.
You were alive.

You visited 1 branch of the dungeon, and saw 4 of its levels.

You collected 64 gold pieces.

Inventory:

Armour
 a - a +0 robe (worn)
 e - a +5 plate armour of ponderousness
Jewellery
 g - a +3 ring of protection (left hand)
Scrolls
 b - a scroll of identify {!r}
 d - a scroll of teleportation {!r, unknown}
 f - a scroll of magic mapping {!r}
Potions
 c - a potion of curing {!q}
 h - a potion of lignification {!q, unknown}


   Skills:
 - Level 2.1 Dodging
 - Level 3.0 Stealth
 + Level 3.0 Spellcasting
 * Level 5.4 Ice Magic


You had 2 spell levels left.
You knew the following spells:

 Your Spells              Type           Power        Failure   Level  Hunger
a - Freeze                Ice            ###.         1%          1    N/A
b - Frozen Ramparts       Ice            ###...       5%          3    N/A
z - Ozocubu's Armour      Chrm/Ice       ##......     16%         3    N/A

Your spell library contained the following spells:

 Spells                   Type           Power        Failure   Level  Hunger
 Hailstorm                Conj/Ice       ##......     47%         4    N/A
 Summon Ice Beast         Ice/Summ       ##......     47%         4    N/A

Dungeon Overview and Level Annotations

Branches:
Dungeon (4/15)
 Temple: D:4-7

Altars:


Innate Abilities, Weirdness & Mutations

You do not eat.
Your natural rate of healing is unusually fast.
You have razor-sharp teeth.
You have supernaturally acute eyesight. (SInv)
You can survive without breathing.


Message History

The orc shouts!
You hear a shout!
The orc shouts!
The orc priest shouts!
You closely miss the orc. You hit the orc but do no damage.
Casting: Freeze (safe; 1% risk of failure)
Confirm with . or Enter, or press ? or * to list all spells.
The walls around you are covered in ice.
The wall freezes the orc.
The orc completely misses you.
The wall freezes the orc.
The wall freezes the orc priest.
The orc priest calls down the wrath of Beogh upon you.
Beogh smites you!
You hear a shout!
You barely miss the orc.
The orc is severely wounded.
The wall freezes the orc.
You kill the orc!
The wall freezes the orc.
The wall freezes the orc priest.
The orc priest calls down the wrath of Beogh upon you.
You barely resist.
You hit the orc priest but do no damage.
The orc priest is heavily wounded.
The wall freezes the orc. x2
You kill the orc!
The wall freezes the orc priest.
The orc priest hits you with a +0 hand axe.
* * * LOW HITPOINT WARNING * * *
You hit the orc priest but do no damage.
The orc priest is heavily wounded.
The wall freezes the orc.
You kill the orc!
An orc comes into view. It is wielding a +0 mace.
The wall freezes the orc priest.
The orc priest barely misses you.
You hit the orc priest but do no damage.
The orc priest is severely wounded.
Casting: Frozen Ramparts (safe; 6% risk of failure)
Confirm with . or Enter, or press ? or * to list all spells.
Aiming: Freeze (safe; 1% risk of failure)
Press: ? - help, Shift-Dir - straight line, f - orc priest
Aim: an orc priest, wielding a +0 hand axe and wearing a +0 scale mail (severely wounded)
You freeze the orc priest.
The orc priest is severely wounded.
The wall freezes the orc priest.
The orc priest hits you with a +0 hand axe.
* * * LOW HITPOINT WARNING * * *
The wall freezes the orc.
You barely miss the orc priest.
The orc priest is almost dead.
The frozen ramparts melt away.
The orc priest calls down the wrath of Beogh upon you.
Beogh smites you!
* * * LOW HITPOINT WARNING * * *
Casting: Freeze (safe; 1% risk of failure)
Confirm with . or Enter, or press ? or * to list all spells.
Aiming: Freeze (safe; 1% risk of failure)
Press: ? - help, Shift-Dir - straight line, f/p - orc priest
Aim: an orc priest, wielding a +0 hand axe and wearing a +0 scale mail (almost dead)
You freeze the orc priest!
You kill the orc priest!
Your Spellcasting skill increases to level 3!
The orc throws a boomerang.
The boomerang closely misses you.
The weapon returns to the orc!
The orc throws a boomerang.
The boomerang completely misses you.
The weapon returns to the orc!
The orc throws a boomerang.
The boomerang hits you.
You die...

#.# #. #.# #.# ###.# # #.#
#...## .# #.# .....###.#
#.# .........###.# ####
..<.......##.#####..
......##.........#.# ##
.....###..##.###@#.###...#
....## #..#.......)o))....
...## #..#.###..#.###...#
...#####..#.# #..#.# #
............# #..#.#
.#######..### #..#.#
.#######..#####..#.#
.................>..
##################.#


You could see an orc.

Vanquished Creatures
  An orc priest (D:4)
  A worker ant (D:4)
  3 adders
  A dart slug (D:1)
  4 orcs
  2 bats
  3 giant cockroaches
  3 hobgoblins
  A quokka (D:4)
  A ball python (D:2)
  A frilled lizard (D:1)
  A kobold (D:1)
  4 rats
26 creatures vanquished.

Notes
Turn   | Place    | Note
-------+----------+-------------------------------------------
     0 | D:1      | Amnesiac the Vampire Ice Elementalist began the quest for
                  | the Orb.
     0 | D:1      | Reached XP level 1. HP: 13/13 MP: 3/3
   121 | D:1      | Reached XP level 2. HP: 19/19 MP: 0/5
   411 | D:2      | Reached XP level 3. HP: 13/24 MP: 0/6
   430 | D:3      | HP: 1/24 [orc priest/divine providence (12)]
   588 | D:4      | Learned a level 3 spell: Frozen Ramparts
   592 | D:4      | Learned a level 3 spell: Ozocubu's Armour
   711 | D:4      | Reached skill level 5 in Ice Magic
   711 | D:4      | Reached XP level 4. HP: 30/30 MP: 3/8
   734 | D:4      | Hit by a boomerang thrown by an orc

Levels and vault maps discovered:
D:1:      minmay_arrival_nine_rooms, layout_rooms
D:2:      layout_rooms, serial_undead, serial_undead_f, serial_undead_b,
          serial_undead_b, serial_undead_a, serial_undead_c
D:3:      layout_rooms, nicolae_tso_swordbearing_angel, tgw_trog, first_ration
D:4:      layout_loops_ring

Skill      XL: |  1  2  3  4 |
---------------+-------------+-----
Ice Magic      | 5 |  5.4
Spellcasting   | 3 |  3.0
Dodging        | |  2.1
Stealth        | |  3.0

Action                   |  1- 3 |  4- 6 || total
-------------------------+-------+-------++-------
Melee: Unarmed           |    19 |     7 ||    26
       Bite              |     2 |       ||     2
 Cast: Freeze            |    35 |     3 ||    38
       Frozen Ramparts   |       |     1 ||     1
  Use: Scroll            |     3 |       ||     3
       Potion            |     1 |       ||     1
Armor: Robe              |    13 |       ||    13
Dodge: Dodged            |    54 |     4 ||    58

Table legend:
 A = Non-vault XP
 B = Vault XP
 C = Vault XP percentage of total XP
 D = Non-vault monster count
 E = Vault monster count
 F = Vault count percentage of total count
                 A         B        C        D         E       F
            +---------+---------+-------+---------+---------+-------
      Total |     153 |       0 |   0.0 |      26 |       0 |   0.0
            +---------+---------+-------+---------+---------+-------
        D:1 |      30 |       0 |   0.0 |      11 |       0 |   0.0
        D:2 |      16 |       0 |   0.0 |       3 |       0 |   0.0
        D:3 |       5 |       0 |   0.0 |       3 |       0 |   0.0
        D:4 |     102 |       0 |   0.0 |       9 |       0 |   0.0
            +---------+---------+-------+---------+---------+-------
